 Dungeon Crawl Stone Soup version 0.30-a0-219-gf2db51d15e (console) character file.

Game seed: 4037310612648232474

10873 jejorda2 the Impaler (level 11, 0/121 HPs)
             Began as a Merfolk Berserker on Oct 7, 2022.
             Was an Elder of Trog.
             Slain by a spriggan simulacrum (5 damage)
             ... in an ice cave.
             The game lasted 00:26:50 (10780 turns).

jejorda2 the Impaler (Merfolk Berserker)           Turns: 10780, Time: 00:26:50

Health: 0/121      AC: 19    Str: 17    XL:     11   Next: 68%
Magic:  0/11       EV: 10    Int:  7    God:    Trog [****..]
Gold:   177        SH:  0    Dex: 18    Spells: 10/10 levels left

rFire   . . .      SeeInvis .    a - +5 halberd (freeze)
rCold   + . .      Faith    .    (shield currently unavailable)
rNeg    + . .      Spirit   +    C - +3 chain mail {rPois}
rPois   +          Reflect  .    h - +2 helmet
rElec   .          Harm     .    w - +2 cloak
rCorr   .          Rampage  .    (no gloves)
Will    .....                    (no boots)
Stlth   ..........               k - amulet of guardian spirit
HPRegen 0.40/turn                n - ring of protection from cold
MPRegen 0.12/turn                K - ring of Trepidation {Fly rN+}

@: berserking, flying, very quick
A: (nimble swimmer 2), mertail
a: Renounce Religion, Berserk, Trog's Hand, Brothers in Arms


You were in an ice cave.
You worshipped Trog.
Trog was greatly pleased with you.
You visited 1 branch of the dungeon, and saw 12 of its levels.
You also visited: Ice Cave.

You collected 650 gold pieces.
You spent 473 gold pieces at shops.

Inventory:

Hand Weapons
 a - a +5 halberd of freezing (weapon)
 b - a +1 trident
 G - a +2 shortbow of freezing
Missiles
 f - 66 stones (quivered)
 o - 17 poisoned darts
 J - 6 silver javelins
Armour
 h - a +2 helmet (worn)
 w - a +2 cloak (worn)
 C - a +3 chain mail of poison resistance (worn)
 L - a +0 buckler of cold resistance
Jewellery
 k - an amulet of guardian spirit (around neck)
 n - a ring of protection from cold (left hand)
 K - the ring of Trepidation (right hand) {Fly rN+}
   (You took it off a meliai on level 9 of the Dungeon)

   [ring of flight]

   rN:        It protects you from negative energy.
   Fly:       It grants you flight.
Wands
 c - a wand of polymorph (10)
 j - a wand of charming (12)
 m - a wand of flame (18)
 B - a wand of iceblast (4)
 H - a wand of acid (6)
Scrolls
 g - 3 scrolls of blinking
 p - 4 scrolls of immolation
 q - 4 scrolls of teleportation
 r - a scroll of magic mapping
 t - 7 scrolls of poison
 v - a scroll of silence
 x - 2 scrolls of enchant armour
 y - a scroll of brand weapon
 D - 2 scrolls of fear
Potions
 d - a potion of might
 e - 3 potions of haste
 i - 2 potions of invisibility
 l - a potion of attraction
 s - 2 potions of mutation
 u - 4 potions of cancellation
 z - 2 potions of lignification
 A - 6 potions of curing
 E - 2 potions of flight
 F - a potion of magic {unknown}
 I - a potion of degeneration {unknown}


   Skills:
 - Level 6.0 Fighting
 + Level 18.8 Polearms
 + Level 1.4 Throwing
 - Level 6.0 Armour
 - Level 6.0 Dodging
 + Level 4.0 Evocations


You had 10 spell levels left.
You didn't know any spells.
Your spell library was empty.

Dungeon Overview and Level Annotations

Branches:
Dungeon (13/15)            Temple (0/1) D:5           IceCv (1/1)
   Lair: D:8-11         Orc: D:9-12      Vaults: D:13-14

Altars:
Ashenzari
Elyvilon
Gozag
Hepliaklqana
Ru
Uskayaw
Wu Jian
Yredelemnul
Zin

Shops:
D:6 [?(   D:7 :*

Annotations:
D:3 2 transporters, KennySheep's ghost, amateur DEWr


Innate Abilities, Weirdness & Mutations

((You are very nimble when in or above water. (Stealth+, EV+, Speed+++)))
Your lower body shifts to a powerful aquatic tail in water.


Message History

You hit the ice devil.
The ice devil is lightly wounded.
The ice devil hits you. The ice devil freezes you. You resist.
The ice devil hits you. The ice devil freezes you! You resist.
You impale the ice devil!!
The ice devil is heavily wounded.
A spriggan simulacrum comes into view.
You barely miss the ice devil.
The ice devil is heavily wounded.
The ice devil hits you but does no damage.
The ice devil barely misses you.
You hit the ice devil.
The ice devil is severely wounded.
You hit the ice devil.
The ice devil is severely wounded.
The ice devil hits you!
* * * LOW HITPOINT WARNING * * *
The ice devil freezes you! You resist.
* * * LOW HITPOINT WARNING * * *
The ice devil closely misses you.
You slice the ice devil!!
You kill the ice devil!
Trog accepts your kill. The spriggan simulacrum hits you.
* * * LOW HITPOINT WARNING * * *
The spriggan simulacrum freezes you. You resist.
* * * LOW HITPOINT WARNING * * *
Your Evocations skill increases to level 4!
You slice the ice devil!!
The ice devil is heavily wounded.
The ice devil hits you!
* * * LOW HITPOINT WARNING * * *
The ice devil freezes you! You resist.
* * * LOW HITPOINT WARNING * * *
You closely miss the ice devil.
The ice devil is heavily wounded.
You hit the ice devil but do no damage.
The ice devil is heavily wounded.
The spriggan simulacrum hits you.
You die...

#...##.....##..###### ##.....
#..###............#.###......
##...##...##.........#.......
##...############...........
##...### ###.........
###...###### ###.......
##.......#### ###.#...
###.......Z...# ####..
###........@## #..
##......####.4# ##.
##.......# ○§.§.. ##
##.......## ☼°.○§### ##.
#......°## ☼§...## ##..
##....○..§°☼○#... #...
##.....###○§#..## #...
###..#○.☼☼☼#..° ##.. ####.○.
##..


You could see an ice devil and a spriggan simulacrum.

Vanquished Creatures
  2 hydras
  A deep elf pyromancer (D:12)
  An ugly thing (D:10)
  A manticore (D:9)
  2 ice statues (IceCv)
  An eye of devastation (shapeshifter) (D:9)
  2 kobold demonologists (D:9)
  2 freezing wraiths
  6 ice devils
  A meliai (D:9)
  2 trolls
  A dream sheep (shapeshifter) (D:9)
  A culicivora (shapeshifter) (D:9)
  A wyvern (D:9)
  A vampire (D:9)
  Menkaure (D:4)
  A death yak simulacrum (IceCv)
  A hydra simulacrum (IceCv)
  An ice beast (D:6)
  3 orc warriors (D:9)
  A sky beast (D:7)
  4 centaurs
  2 bullfrogs (D:7)
  A two-headed ogre simulacrum (IceCv)
  A gnoll sergeant (D:9)
  3 scorpions
  18 wights
  A killer bee (D:9)
  2 elephant simulacra (IceCv)
  A howler monkey (D:9)
  2 jellies
  7 orc priests
  2 hounds
  2 gnoll boudas (D:7)
  3 iguanas
  8 orc wizards
  A troll simulacrum (IceCv)
  5 spriggan simulacra (IceCv)
  A wolf simulacrum (IceCv)
  Robin (D:4)
  A naga simulacrum (IceCv)
  7 adders
  12 gnolls
  A white imp (IceCv)
  3 dart slugs
  21 orcs
  9 ball pythons
  4 endoplasms
  2 giant cockroaches (D:3)
  14 goblins
  13 hobgoblins
  8 jackals
  4 quokkas
  A bat (D:2)
  A frilled lizard (D:2)
  2 kobolds (D:2)
  12 rats
213 creatures vanquished.

Vanquished Creatures (others)
  4 toadstools (D:7)
4 creatures vanquished.

Grand Total: 217 creatures vanquished

Notes
Turn   | Place    | Note
-------+----------+-------------------------------------------
     0 | D:1      | jejorda2 the Merfolk Berserker began the quest for the Orb.
     0 | D:1      | Reached XP level 1. HP: 18/18 MP: 1/1
    31 | D:1      | Found a faded altar of an unknown god.
   119 | D:1      | Reached XP level 2. HP: 19/24 MP: 2/2
   690 | D:1      | Reached XP level 3. HP: 29/29 MP: 3/3
  1097 | D:2      | Reached ** piety under Trog
  1674 | D:3      | Reached XP level 4. HP: 37/37 MP: 1/4
  1832 | D:3      | Found a transporter.
  1832 | D:3      | Found a transporter.
  1832 | D:3      | Noticed an ogre
  1832 | D:3      | Noticed KennySheep's ghost (amateur DEWr)
  1833 | D:3      | Noticed an ogre
  1979 | D:3      | Found a white marble altar of Elyvilon.
  2255 | D:3      | Reached skill level 5 in Polearms
  2361 | D:3      | Reached XP level 5. HP: 42/42 MP: 2/5
  2378 | D:3      | Reached skill level 5 in Dodging
  2600 | D:4      | Found a basalt altar of Yredelemnul.
  2647 | D:4      | Reached XP level 6. HP: 47/48 MP: 4/6
  2698 | D:4      | Found a hazy altar of Hepliaklqana.
  2944 | D:4      | Noticed Menkaure
  2960 | D:4      | Reached skill level 6 in Polearms
  2964 | D:4      | Killed Menkaure
  3102 | D:4      | Reached *** piety under Trog
  3103 | D:4      | Reached XP level 7. HP: 55/55 MP: 7/7
  3346 | D:5      | Entered Level 5 of the Dungeon
  3364 | D:4      | Noticed Robin
  3392 | D:4      | Killed Robin
  3588 | D:5      | Found a staircase to the Ecumenical Temple.
  3903 | D:5      | Reached skill level 7 in Polearms
  4545 | D:6      | Found Foxzuaw's Antique Weapon Shop.
  4579 | D:6      | Found Hosus's Magic Scroll Emporium.
  4587 | D:6      | Bought a scroll of enchant armour for 105 gold pieces
  4587 | D:6      | Bought a scroll of brand weapon for 133 gold pieces
  4627 | D:6      | Found a broken altar of Ashenzari.
  4772 | D:6      | Reached skill level 5 in Fighting
  4893 | D:6      | Found an opulent altar of Gozag.
  4910 | D:6      | Found Jublas's Armour Boutique.
  5130 | D:6      | Reached skill level 8 in Polearms
  5292 | D:7      | Reached XP level 8. HP: 58/62 MP: 6/8
  5472 | D:7      | Found a sacrificial altar of Ru.
  5473 | D:7      | Found an ornate altar of the Wu Jian Council.
  5474 | D:7      | Found a glowing silver altar of Zin.
  5599 | D:7      | Reached skill level 9 in Polearms
  5732 | D:7      | Found Onke's Book Shop.
  5732 | D:7      | Found Quar's General Store.
  6226 | D:7      | Reached skill level 10 in Polearms
  6302 | D:6      | Bought a +3 chain mail of poison resistance for 235 gold
                  | pieces
  6589 | D:8      | Reached XP level 9. HP: 58/69 MP: 9/9
  6697 | D:8      | Reached skill level 11 in Polearms
  7008 | D:8      | Found a hide-covered altar of Uskayaw.
  7323 | D:8      | Identified the +1 chain mail of the Distant Future {Str+9}
  7691 | D:9      | Reached skill level 12 in Polearms
  7701 | D:9      | Reached skill level 5 in Armour
  8304 | D:9      | Noticed a kobold demonologist
  8308 | D:9      | Noticed an orange demon
  8322 | D:9      | Killed a kobold demonologist
  8323 | D:9      | Reached skill level 13 in Polearms
  8449 | D:9      | Reached **** piety under Trog
  8450 | D:9      | Reached XP level 10. HP: 64/76 MP: 8/10
  8677 | D:9      | Reached skill level 14 in Polearms
  8764 | D:9      | Noticed a manticore
  8792 | D:9      | Identified the amulet of Peuzisako {Reflect rPois rF- Str+4
                  | Int+6 SH+5}
  8792 | D:9      | Noticed a kobold demonologist
  8795 | D:9      | Killed a manticore
  8812 | D:9      | Killed a kobold demonologist
  8813 | D:9      | Reached skill level 15 in Polearms
  8819 | D:9      | Identified the ring "Ganupot" {Wiz Dex+7}
  8820 | D:9      | Noticed an eight-headed hydra
  8822 | D:9      | a spriggan changed into a salamander
  8822 | D:9      | Noticed a salamander (shapeshifter)
  9071 | D:9      | Identified the ring of Trepidation {Fly rN+}
  9107 | D:9      | Noticed an eye of devastation
  9136 | D:9      | Killed an eye of devastation
  9137 | D:9      | Reached skill level 16 in Polearms
  9203 | D:9      | Killed an eight-headed hydra
  9333 | D:9      | Identified the amulet of Irphupipp {RegenMP Harm Str+2}
  9589 | D:10     | Entered Level 10 of the Dungeon
  9591 | D:10     | Noticed a purple ugly thing
  9601 | D:10     | Killed a purple ugly thing
  9602 | D:10     | Reached skill level 17 in Polearms
  9602 | D:10     | Reached XP level 11. HP: 78/81 MP: 11/11
  9647 | D:10     | Noticed a six-headed hydra
  9665 | D:10     | Killed a six-headed hydra
  9873 | D:10     | You are sucked into a shaft and drop 3 floors!
  9943 | D:12     | Reached skill level 18 in Polearms
  9960 | D:12     | Noticed a deep elf pyromancer
  9966 | D:12     | Killed a deep elf pyromancer
  9995 | D:12     | Found a frozen archway.
 10066 | IceCv    | Entered an ice cave
 10111 | IceCv    | Reached skill level 1 in Evocations
 10772 | IceCv    | Reached skill level 1 in Throwing
 10778 | IceCv    | HP: 5/121 [ice devil (8)]
 10780 | IceCv    | Slain by a spriggan simulacrum

Illustrated notes

Levels and vault maps discovered:
D:1:      psy_arrival_whirlpool, layout_loops_cross,
          hellmonk_ecumenical_altar_zigzags
D:2:      layout_basic, minivault_25
D:3:      minmay_chambers_of_threes, layout_loops_ring, elyvilon_altar_1,
          gammafunk_ghost_smash, serial_forest, infiniplex_forest_straight_3,
          infiniplex_forest_pool, infiniplex_forest_lined_2,
          infiniplex_forest_lined_4_way, infiniplex_forest_fountain,
          infiniplex_forest_straight_2
D:4:      layout_cave_pools, lemuel_coloured_pillars_altar, lemuel_round_altar,
          uniq_robin, uniq_menkaure
D:5:      layout_basic, minmay_temple_entry_large_hall
D:6:      layout_basic, kennysheep_mini_moat, ashenzari_altar_1, serial_shops,
          kennysheep_mini, nicolae_shop_hallway_plus, nicolae_diamond_shop
D:7:      layout_gridville, chequers_temple_overflow_statue_of_worship,
          kennysheep_small_spiral, minmay_gold_behind_fungi,
          nicolae_wooded_promenade, chequers_serial_rivers_room_a
D:8:      layout_loops_ring, mainiacjoe_overflow_24_doors,
          minmay_misc_feat_alley, david_defended_altar_orc
D:9:      minmay_the_grid_triangle_9x9_rhombus_thin
          [minmay_the_grid_triangle_9x9_cache,
          minmay_the_grid_triangle_9x9_prize_special,
          minmay_the_grid_triangle_9x9_negative_grid,
          minmay_the_grid_triangle_9x9_intruding_spiral], layout_layer_cave
D:10:     layout_irregular_city, minmay_orc_entry_temple_small
D:12:     layout_basic, portal_ice_cave_demonic_guard, serial_shops,
          nicolae_shop_crystal, uniq_rupert, uniq_urug
D:13:     kennysheep_four_of_diamonds, layout_small_grid, david_vaults_2,
          special_room [special_room_bee]
IceCv:    ice_cave_small_demon

Skill      XL: |  1  2  3  4  5  6  7  8  9 10 11 |
---------------+----------------------------------+-----
Dodging        | 3 4 5 6 |  6.0
Polearms       | 5 6 8 10 13 17 18 | 18.8
Armour         | 2 3 4 5 6 |  6.0
Fighting       | 4 5 6 |  6.0
Evocations     | 4 |  4.0
Throwing       | 1 |  1.4

Action                   |  1- 3 |  4- 6 |  7- 9 | 10-12 || total
-------------------------+-------+-------+-------+-------++-------
Melee: Spear             |   133 |   103 |       |       ||   236
       Punch             |     1 |       |     6 |       ||     7
       Trident           |       |    46 |   285 |    16 ||   347
       Halberd           |       |       |    81 |   214 ||   295
Throw: Stone             |       |    11 |     5 |    25 ||    41
Invok: Berserk           |     2 |     3 |     5 |     9 ||    19
       Trog's Hand       |       |     2 |     2 |     1 ||     5
Evoke: Wand              |       |       |       |     6 ||     6
  Use: Potion            |       |     2 |       |       ||     2
       Scroll            |       |       |    16 |     4 ||    20
 Stab: Sleeping          |     1 |       |       |       ||     1
       Distracted        |       |       |       |     1 ||     1
Armor: Animal skin       |     2 |       |       |       ||     2
       Leather armour    |    17 |       |       |       ||    17
       Chain mail        |     3 |    37 |   184 |    86 ||   310
Dodge: Dodged            |    56 |    36 |   122 |    67 ||   281

Table legend: (Time is in decaauts)
 A = Elapsed time spent in this place.
 B = Non-inter-level travel time spent in this place.
 C = Inter-level travel time spent in this place.
 D = Time resting spent in this place.
 E = Time spent auto-exploring this place.
 F = Levels seen in this place.
 G = Mean time per level.
                   A        B        C        D        E       F      G
               +--------+--------+--------+--------+--------+-----+--------+
         Total |  10810 |  10291 |    519 |   1627 |   6987 |  13 |  831.5 |
       Dungeon |  10105 |   9586 |    519 |   1179 |   6904 |  12 |  842.1 |
      Ice Cave |    704 |    704 |      0 |    447 |     83 |   1 |  704.0 |
               +--------+--------+--------+--------+--------+-----+--------+

Top non-repeatable levels by time:
     D:9: 2055 daAuts
     D:8: 1160 daAuts
     D:7: 1126 daAuts
     D:5: 1085 daAuts
     D:3: 1062 daAuts
     D:4: 872 daAuts
     D:1: 777 daAuts
     D:6: 759 daAuts
     D:2: 733 daAuts
   IceCv: 704 daAuts
    D:10: 289 daAuts
    D:12: 154 daAuts
    D:13: 29 daAuts
